 Dungeon Crawl Stone Soup version 0.29-a0-233-g1125b37a9b (webtiles) character file.

Game seed: 7626724744792476922

43 mopl the Sneak (level 3, 0/25 HPs)
             Began as an Octopode Brigand on Mar 2, 2022.
             Slain by an orc priest
             ... wielding a +0 dagger
              (3 damage)
             ... on level 3 of the Dungeon.
             The game lasted 00:01:47 (1204 turns).

mopl the Sneak (Octopode Brigand)                   Turns: 1204, Time: 00:01:47

Health: 0/25       AC:  1    Str: 10    XL:     3   Next: 58%
Magic:  3/3        EV: 12    Int: 13    God:
Gold:   69         SH:  4    Dex: 15    Spells: 2/2 levels left

rFire   . . .      SeeInvis .   a - +2 dagger
rCold   . . .      Faith    .   d - +0 buckler
rNeg    . . .      Spirit   .   (helmet restricted)
rPois   .          Reflect  .   (no amulet)
rElec   .          Harm     .   (no ring)
rCorr   .          Rampage  .   (no ring)
Will    .....                   (no ring)
Stlth   ++++......              (no ring)
HPRegen 0.08/turn               (no ring)
MPRegen 0.08/turn               (no ring)
                                (no ring)
                                (no ring)

@: no status effects
A: almost no armour, amphibious, 8 rings, camouflage 1, gelatinous body 1,
(nimble swimmer 1), tentacles
a: no special abilities


You were on level 3 of the Dungeon.
You visited 1 branch of the dungeon, and saw 3 of its levels.

You collected 69 gold pieces.

Inventory:

Hand Weapons
 a - a +2 dagger (weapon)
Missiles
 b - 8 poisoned darts (quivered)
 c - 2 curare-tipped darts
Armour
 d - a +0 buckler (worn)
 i - a +0 kite shield
Scrolls
 e - a scroll of torment {unknown}
 f - a scroll of teleportation {unknown}
 h - a scroll of amnesia {unknown}
 j - a scroll of identify {unknown}
 k - a scroll of silence {unknown}
Potions
 g - a potion of curing {unknown}


   Skills:
 + Level 2.4 Fighting
 - Level 2.0(2.1) Short Blades
 + Level 1.2(1.8) Long Blades
 + Level 2.2 Throwing
 + Level 1.5 Dodging
 + Level 5.6 Stealth
 + Level 0.8 Shields


You had 2 spell levels left.
You didn't know any spells.
Your spell library was empty.

Dungeon Overview and Level Annotations

Branches:
Dungeon (3/15)

Altars:


Innate Abilities, Weirdness & Mutations

You cannot wear most types of armour.
You are amphibious.
You can wear up to eight rings at the same time.
Your skin changes colour to match your surroundings (Stealth+).
Your rubbery body absorbs attacks. (AC +1, EV +1)
((You are camouflaged when in or above water. (Stealth+)))
You have tentacles for arms and can constrict up to eight enemies at once.


Message History

You barely miss the goblin. You grab the goblin. You squeeze the goblin.
You kill the goblin!
You constrict the orc. The bat barely misses you. The orc closely misses you.
The orc barely misses you.
Unknown command.
You hit the orc. You grab the orc. Your squeeze misses the orc.
The orc is moderately wounded.
You constrict the orc. x2; The bat completely misses you.
The orc misses you. The orc barely misses you.
Unknown command.
You hit the orc.
You kill the orc!
You constrict the orc.
You kill the orc!
The bat closely misses you. The rat misses you. The bat barely misses you.
Unknown command.
You hit the rat.
You kill the rat!
The bat closely misses you.
Unknown command.
An orc priest comes into view. It is wielding a +0 dagger.
The bat completely misses you.
You see here a scroll labelled ZANISIZOEN.
k - a scroll labelled ZANISIZOEN The bat hits you but does no damage.
An orc comes into view. It is wielding a +0 hand axe.
The bat hits you. You block the bat's attack.
The orc priest hits you with a +0 dagger.
The orc hits you with a +0 hand axe.
You barely miss the orc priest. You grab the orc priest.
You constrict the orc priest, but do no damage.
The bat hits you but does no damage. The orc priest barely misses you.
The orc hits you with a +0 hand axe.
* * * LOW HITPOINT WARNING * * *
Unknown command.
You completely miss the orc priest.
You squeeze the orc priest, but do no damage.
You constrict the orc priest. The bat barely misses you.
The orc priest hits you with a +0 dagger.
You die...

§...###...#...####......
§§§...........# #....#.#
#....#.......###.......
##.#....##..........#.#
##...##....###......
#............####.#
###))....#####. .#...
#...)b#### ...#.#
#.....#@## #....
##.#.#.oo.....# ###.#
#....#..#####.# #...
...# ..## ##.# #... .#.
#... #.# .#.. ##.# #. .#
.# #... #. .# ##.# #.
#...


You could see an orc priest, an orc and a bat.

Vanquished Creatures
  An adder (D:3)
  2 dart slugs
  2 orcs (D:3)
  3 bats
  An endoplasm (D:1)
  A giant cockroach (D:3)
  2 goblins
  2 hobgoblins
  2 quokkas (D:1)
  4 ball pythons
  4 kobolds
  5 rats
29 creatures vanquished.

Vanquished Creatures (others)
  4 toadstools (D:2)
4 creatures vanquished.

Grand Total: 33 creatures vanquished

Notes
Turn   | Place    | Note
-------+----------+-------------------------------------------
     0 | D:1      | mopl the Octopode Brigand began the quest for the Orb.
     0 | D:1      | Reached XP level 1. HP: 14/14 MP: 1/1
   127 | D:1      | Reached XP level 2. HP: 8/19 MP: 2/2
   902 | D:2      | Noticed a phantom
   994 | D:2      | Reached skill level 1 in Long Blades
  1122 | D:3      | Reached XP level 3. HP: 24/24 MP: 3/3
  1204 | D:3      | Slain by an orc priest

Illustrated notes

Levels and vault maps discovered:
D:1:      lemuel_arrival_funnel, layout_loops_cross
D:2:      layout_loops_cross, ebering_dispersal_statue_hall,
          minmay_gold_behind_fungi
D:3:      layout_rooms, grunt_dithmenos_smoke_and_mirrors,
          gup_sewer_entry_spiral, st_stairs_11

Skill      XL: |  1  2 |
---------------+-------+-----
Long Blades    | 1 |  1.2
Fighting       | |  2.4
Short Blades   | |  2.0
Throwing       | |  2.2
Dodging        | |  1.5
Stealth        | |  5.6
Shields        | |  0.8

Action                   || total
-------------------------++-------
Melee: Dagger            ||    60
       Constrict         ||    14
       Tentacles         ||     8
       Punch             ||     1
 Stab: Sleeping          ||    10
Armor: Skin              ||     5
Dodge: Dodged            ||    45
Block: Buckler           ||    11

Table legend: (Time is in decaauts)
 A = Elapsed time spent in this place.
 B = Non-inter-level travel time spent in this place.
 C = Inter-level travel time spent in this place.
 D = Time resting spent in this place.
 E = Time spent auto-exploring this place.
 F = Levels seen in this place.
 G = Mean time per level.
                   A        B        C        D        E       F      G
               +--------+--------+--------+--------+--------+-----+--------+
         Total |   1201 |   1151 |     50 |    268 |    612 |   3 |  400.3 |
       Dungeon |   1201 |   1151 |     50 |    268 |    612 |   3 |  400.3 |
               +--------+--------+--------+--------+--------+-----+--------+

Top non-repeatable levels by time:
     D:1: 898 daAuts
     D:2: 212 daAuts
     D:3: 89 daAuts
